 Dungeon Crawl Stone Soup version 0.19.4 (webtiles) character file.

96 Gargoyl the Skirmisher (level 4, -2/40 HPs)
             Began as a Ghoul Abyssal Knight on Feb 3, 2017.
             Was a Believer of Lugonu.
             Slain by mora's ghost (6 damage)
             ... on level 3 of the Dungeon.
             The game lasted 00:07:42 (2210 turns).

Gargoyl the Skirmisher (Ghoul Abyssal Knight)       Turns: 2210, Time: 00:07:43

Health: -2/40      AC: 13    Str: 15    XL:     4   Next: 67%
Magic:  0/5        EV:  9    Int:  7    God:    Lugonu [**....]
Gold:   199        SH:  0    Dex:  9    Spells: 0 memorised, 3 levels left

rFire  . . .     SeeInvis .     a - +1 hand axe
rCold  + + +     Gourm    .     i - +3 scale mail
rNeg   + + +     Faith    .     (no shield)
rPois  ∞         Spirit   +     q - +2 helmet
rElec  .         Reflect  .     (no cloak)
rCorr  .         Harm     .     p - +0 pair of gloves
MR     .....                    (no boots)
Stlth  ..........               r - amulet of guardian spirit
                                o - ring of protection from cold
                                d - ring of protection from cold

@: rotting
A: rotting body, claws 1, carnivore 3, cold resistance 1, negative energy
resistance 3, slow regeneration 1, torment resistance, unbreathing
a: Depart the Abyss, Bend Space, Renounce Religion


You were on level 3 of the Dungeon.
You worshipped Lugonu.
Lugonu was pleased with you.
You were not hungry.

You visited 1 branch of the dungeon, and saw 3 of its levels.
You visited the Abyss 1 time.

You collected 199 gold pieces.

Inventory:

Hand Weapons
 a - a +1 hand axe (weapon)
Missiles
 h - 3 javelins (quivered)
Armour
 i - a +3 scale mail (worn)
 p - a +0 pair of gloves (worn)
 q - a +2 helmet (worn)
Jewellery
 d - a ring of protection from cold (left hand)
 f - an uncursed ring of flight
 o - a ring of protection from cold (right hand)
 r - an amulet of guardian spirit (around neck)
Scrolls
 e - 2 scrolls of teleportation {unknown}
 k - a scroll of identify
 l - 2 scrolls of remove curse {unknown}
Potions
 j - a potion of heal wounds {unknown}
 m - 2 potions of flight {unknown}
 n - 2 potions of curing {unknown}
Comestibles
 b - 17 chunks of flesh
 c - a meat ration
 g - 2 beef jerkies


   Skills:
 + Level 3.9 Fighting
 + Level 2.6 Axes
 * Level 2.6 Armour
 + Level 1.1 Dodging
 * Level 2.8 Invocations


You had 3 spell levels left.
You didn't know any spells.

Dungeon Overview and Level Annotations

Branches:
Dungeon (3/15)

Altars:

Annotations:
D:3 mora's ghost, amateur DDFi


Innate Abilities, Weirdness & Mutations

Your body is rotting away.
You thrive on raw meat.
You are immune to poison.
You have sharp fingernails.
You are carnivorous and can eat meat at any time.
Your flesh is cold resistant. (rC+)
You are immune to negative energy. (rN+++)
You regenerate slowly when monsters are visible.
You are immune to unholy pain and torment.
You can survive without breathing.


Message History

You completely miss mora's ghost. Mora's ghost barely misses you.
Your scale mail prevents you from hitting mora's ghost.
Mora's ghost barely misses you.
You hit mora's ghost.
Mora's ghost is lightly damaged.
Mora's ghost shrieks, "You must not succeed where I failed!"
Mora's ghost hits you! x2
You barely miss mora's ghost.
Mora's ghost is lightly damaged.
Mora's ghost hits you!
You hit mora's ghost.
Mora's ghost is lightly damaged.
Mora's ghost hits you!
* * * LOW HITPOINT WARNING * * *
You hit mora's ghost but do no damage.
Mora's ghost is lightly damaged.
Mora's ghost hits you.
* * * LOW HITPOINT WARNING * * *
Mora's ghost hits you!
You die...

#.........#
#.#.##.......#
#.........#
#.#....#######
#.........#
#.##..##
#.........#
#.##.##
........#
#.#..## ###
#.#...###....
#.##......#
####.##.....##
#<..^.@.#...#
#(..)..W....#
#..))...#####
#(......#
#(......#
#.......#
#.......#
#(......#
#########


You could see mora's ghost.

Vanquished Creatures
  Robin (D:3)
  An adder (D:2)
  4 worms (D:2)
  A leopard gecko (D:2)
  A ball python (D:3)
  5 bats
  A giant cockroach (D:1)
  12 goblins
  12 hobgoblins
  6 jackals
  5 frilled lizards
  5 kobolds
  5 rats (D:1)
59 creatures vanquished.

Notes
Turn   | Place    | Note
-------+----------+-------------------------------------------
     0 | Abyss:1  | Gargoyl the Ghoul Abyssal Knight began the quest for the Orb.
     0 | Abyss:1  | Reached XP level 1. HP: 19/19 MP: 1/1
    38 | Abyss:1  | Found a corrupted altar of Lugonu.
   153 | Abyss:1  | Noticed a small abomination
   168 | Abyss:1  | Noticed a raiju
   171 | Abyss:2  | Found a corrupted altar of Lugonu.
   258 | Abyss:3  | Noticed an ancient zyme
   269 | Abyss:4  | Noticed a lightning spire
   269 | Abyss:4  | Noticed a raiju
   269 | Abyss:4  | Noticed a smoke demon
   269 | Abyss:4  | Noticed a lightning spire
   269 | Abyss:4  | Noticed a raiju
   269 | Abyss:4  | Noticed a blizzard demon
   269 | Abyss:4  | Noticed a lightning spire
   269 | Abyss:4  | Noticed a merfolk impaler
   269 | Abyss:4  | Noticed a lightning spire
   269 | Abyss:4  | Noticed a blizzard demon
   269 | Abyss:4  | Noticed a raiju
   269 | Abyss:4  | Noticed a lightning spire
   269 | Abyss:4  | Noticed a smoke demon
   269 | Abyss:4  | Noticed a raiju
   269 | Abyss:4  | Noticed a lightning spire
   270 | D:1      | Escaped the Abyss
   429 | D:1      | Reached * piety under Lugonu
   429 | D:1      | Reached XP level 2. HP: 25/26 MP: 2/2
  1036 | D:2      | Reached XP level 3. HP: 31/31 MP: 3/3
  1100 | D:2      | Reached skill level 1 in Dodging
  1211 | D:2      | Found a faded altar of an unknown god.
  1844 | D:2      | Reached ** piety under Lugonu
  1852 | D:2      | Reached XP level 4. HP: 36/40 MP: 4/4
  2094 | D:3      | Noticed Robin
  2106 | D:3      | Killed Robin
  2201 | D:3      | Noticed mora's ghost (amateur DDFi)
  2210 | D:3      | Slain by mora's ghost

Skill      XL: |  1  2  3 |
---------------+----------+-----
Armour         | 2 |  2.6
Axes           | 2 |  2.6
Dodging        | 1 |  1.1
Fighting       | |  3.9
Invocations    | |  2.8

Action                   |  1- 3 |  4- 6 || total
-------------------------+-------+-------++-------
Melee: Hand axe          |   165 |    47 ||   212
Invok: Depart the Abyss  |     1 |       ||     1
  Use: Scroll            |     3 |     1 ||     4
  Eat: Chunk             |    12 |     6 ||    18
Armor: Scale mail        |    91 |    47 ||   138
Dodge: Dodged            |    85 |    39 ||   124
